[Event "55th Rubinstein Memorial-A 2019"]
[Site "Polanica-Zdroj"]
[Date "2019.08.19"]
[Round "3.20"]
[White "Adamczyk, Zuzanna"]
[Black "Vanduyfhuys, Daria"]
[Result "0-1"]
[ECO "B32"]
[WhiteElo "1911"]
[BlackElo "2160"]
[Annotator "NA"]
[PlyCount "88"]
[EventDate "2019.08.17"]
[EventType "swiss"]
[EventCountry "POL"]
[SourceTitle "playchess.com"]
[Source "ChessBase"]
[SourceQuality "1"]
[TimeControl "40/5400+30:1800+30"]

1. e4 c5 2. Nf3 Nc6 3. d4 cxd4 4. Nxd4 e5 5. Nb5 d6 6. N1c3 a6 7. Na3 Be7 8. Nc4 b5 9. Ne3 Nf6 10. Bd3 O-O 11. a4 b4 12. Ncd5 Be6 13. O-O Nd7 14. c3 bxc3 15. bxc3 Nc5 16. Bc2 Bg5 17. Ba3 Ne7 18. Nc4 Bxd5 19. exd5 Rc8 20. a5 g6 21. Nb6 Rb8 22. Qe2 Qc7 23. Bxc5 Qxc5 24. Qxa6 Qxc3 25. Qd3 Qc7 26. Ba4 Rfd8 27. Rfb1 Rb7 28. Rb3 Ra7 29. a6 Rb8 30. Rab1 Nc8 31. Nxc8 Rxc8 32. Bc6 Qa5 33. Ra3 Qc5 34. g3 e4 35. Qb5 Qxa3 36. Bb7 Rc1+ 37. Kg2 e3 38. Qb6 e2 39. Rxc1 Qxc1 40. Qxa7 e1=Q 41. Qb8+ Kg7 42. a7 Qcd2 43. Bc8 Qexf2+ 44. Kh3 Qxh2+ 0-1

[Event "55th Rubinstein Memorial-A 2019"]
[Site "Polanica-Zdroj"]
[Date "2019.08.19"]
[Round "3.21"]
[White "Grochol, Kamil"]
[Black "Szczurek, Krzysztof"]
[Result "1-0"]
[ECO "B01"]
[WhiteElo "1837"]
[BlackElo "2112"]
[Annotator "NA"]
[PlyCount "63"]
[EventDate "2019.08.17"]
[EventType "swiss"]
[EventCountry "POL"]
[SourceTitle "playchess.com"]
[Source "ChessBase"]
[SourceQuality "1"]
[TimeControl "40/5400+30:1800+30"]

1. e4 d5 2. exd5 Qxd5 3. d4 Nf6 4. Nf3 Bg4 5. Be2 e6 6. Be3 Be7 7. O-O O-O 8. c4 Qd8 9. Nc3 c6 10. h3 Bh5 11. Ne5 Bxe2 12. Qxe2 Nbd7 13. Rfd1 Bd6 14. f4 Qe7 15. Rac1 a6 16. Bf2 c5 17. Bh4 cxd4 18. Ne4 Nc5 19. Nxf6+ gxf6 20. Rxd4 Rad8 21. Qg4+ Kh8 22. Qh5 Bxe5 23. fxe5 Rxd4 24. Bxf6+ Qxf6 25. exf6 Nd7 26. Qe2 Rg8 27. Rd1 Rxd1+ 28. Qxd1 Nxf6 29. Qf3 Rg6 30. Qxb7 Kg7 31. c5 Nd5 32. c6 1-0

[Event "55th Rubinstein Memorial-A 2019"]
[Site "Polanica-Zdroj"]
[Date "2019.08.19"]
[Round "3.22"]
[White "Bojczewski, Mateusz"]
[Black "Galuszka, Kamil"]
[Result "0-1"]
[ECO "C10"]
[WhiteElo "1836"]
[BlackElo "2058"]
[Annotator "NA"]
[PlyCount "82"]
[EventDate "2019.08.17"]
[EventType "swiss"]
[EventCountry "POL"]
[SourceTitle "playchess.com"]
[Source "ChessBase"]
[SourceQuality "1"]
[TimeControl "40/5400+30:1800+30"]

1. e4 e6 2. d4 d5 3. Nd2 dxe4 4. Nxe4 Nd7 5. Nf3 Ngf6 6. Nxf6+ Nxf6 7. Bg5 Be7 8. Bc4 O-O 9. O-O Nd5 10. Bxe7 Nxe7 11. c3 b6 12. Re1 Bb7 13. Ne5 Ng6 14. Nxg6 hxg6 15. Qg4 Qf6 16. Re3 Rfd8 17. Rae1 Bd5 18. Bxd5 Rxd5 19. Re5 Rad8 20. Rxd5 Rxd5 21. Qg3 Qd8 22. h3 c5 23. dxc5 Rxc5 24. Re5 Rc6 25. Re1 Rd6 26. Qe3 Qd7 27. Qe4 g5 28. Qa8+ Kh7 29. Qe4+ g6 30. Qg4 Qd8 31. Qe4 Kg7 32. Kf1 Qd7 33. Qe5+ f6 34. Qe4 Kf7 35. Qe3 e5 36. a3 Ke6 37. Qe4 Rd2 38. Qc4+ Ke7 39. Re2 Rxb2 40. Qg8 Rb1+ 41. Re1 Qd3+ 0-1

[Event "55th Rubinstein Memorial-A 2019"]
[Site "Polanica-Zdroj"]
[Date "2019.08.19"]
[Round "3.23"]
[White "Rosicki, Marcin"]
[Black "Jedynak, January"]
[Result "0-1"]
[ECO "C29"]
[WhiteElo "2042"]
[BlackElo "1822"]
[Annotator "NA"]
[PlyCount "66"]
[EventDate "2019.08.17"]
[EventType "swiss"]
[EventCountry "POL"]
[SourceTitle "playchess.com"]
[Source "ChessBase"]
[SourceQuality "1"]
[TimeControl "40/5400+30:1800+30"]

1. e4 e5 2. Nc3 Nf6 3. f4 d5 4. fxe5 Nxe4 5. Nf3 Be7 6. Qe2 f5 7. d3 Nxc3 8. bxc3 c5 9. Qf2 O-O 10. Be2 h6 11. O-O Be6 12. d4 Nc6 13. Rb1 Rb8 14. Bd2 c4 15. Ne1 Qa5 16. Bh5 g5 17. h4 Kg7 18. hxg5 hxg5 19. Bd1 Rh8 20. Nf3 Qd8 21. g3 Kg6 22. Be2 Qa5 23. Qe3 Qd8 24. Kf2 g4 25. Ne1 Rh2+ 26. Ng2 Qh8 27. Qf4 Qh3 28. Rg1 Nd8 29. Bf1 Nf7 30. Ke1 Bg5 31. Qxg5+ Nxg5 32. Nf4+ Kf7 33. Bxh3 Nf3+ 0-1

[Event "55th Rubinstein Memorial-A 2019"]
[Site "Polanica-Zdroj"]
[Date "2019.08.19"]
[Round "3.24"]
[White "Jeda, Maciej"]
[Black "Czarniecka, Aleksandra"]
[Result "0-1"]
[ECO "B54"]
[WhiteElo "1815"]
[BlackElo "2042"]
[Annotator "NA"]
[PlyCount "65"]
[EventDate "2019.08.17"]
[EventType "swiss"]
[EventCountry "POL"]
[SourceTitle "playchess.com"]
[Source "ChessBase"]
[SourceQuality "1"]
[TimeControl "40/5400+30:1800+30"]

1. e4 c5 2. Nf3 d6 3. d4 cxd4 4. Nxd4 Nf6 5. Bd3 Nc6 6. Ne2 g6 7. O-O Bg7 8. c4 O-O 9. Nbc3 Nd7 10. f4 Nc5 11. Be3 Nb4 12. Bb1 Be6 13. b3 Bg4 14. Bd4 Bh6 15. h3 Bxe2 16. Nxe2 Nc6 17. Bc3 e5 18. Kh2 Ne6 19. f5 Nf4 20. Nxf4 Bxf4+ 21. g3 Be3 22. f6 Bd4 23. Bxd4 Nxd4 24. Qd2 Kh8 25. Bd3 a5 26. Kg2 Rg8 27. h4 Qc8 28. Rf2 Qg4 29. Rh1 g5 30. hxg5 Rxg5 31. Kf1 Rg6 32. Be2 Qxe4 33. Rfh2 0-1

[Event "55th Rubinstein Memorial-A 2019"]
[Site "Polanica-Zdroj"]
[Date "2019.08.19"]
[Round "3.25"]
[White "Jankowiak, Piotr"]
[Black "Goraj, Barbara"]
[Result "0-1"]
[ECO "A45"]
[WhiteElo "2033"]
[BlackElo "1800"]
[Annotator "NA"]
[PlyCount "88"]
[EventDate "2019.08.17"]
[EventType "swiss"]
[EventCountry "POL"]
[SourceTitle "playchess.com"]
[Source "ChessBase"]
[SourceQuality "1"]
[TimeControl "40/5400+30:1800+30"]

1. d4 Nf6 2. Bf4 g6 3. Nc3 d5 4. e3 Bg7 5. h4 c6 6. Nf3 Bg4 7. Be2 h5 8. Ne5 Bxe2 9. Qxe2 Nfd7 10. e4 Nxe5 11. Bxe5 Bxe5 12. dxe5 d4 13. O-O-O Qb6 14. Nb1 c5 15. c3 Qe6 16. cxd4 cxd4 17. Rxd4 Nc6 18. Rd5 O-O 19. Nc3 Rac8 20. Kb1 Nxe5 21. f3 a6 22. g4 hxg4 23. fxg4 b5 24. a3 Kg7 25. g5 Rh8 26. h5 Rxh5 27. Rxh5 gxh5 28. Qxh5 Nc4 29. Qd1 Kg6 30. Qh1 Kg7 31. Qd1 Qb6 32. Qe1 Rh8 33. Rd3 Rh2 34. Nd1 Qc6 35. Qc3+ e5 36. Rd5 Re2 37. Rxe5 Nxe5 38. Qxe5+ Kg8 39. Nc3 Rg2 40. Qb8+ Kh7 41. Qf4 Qg6 42. Nd5 Rxg5 43. Ne3 a5 44. Nd5 Rxd5 0-1

[Event "55th Rubinstein Memorial-A 2019"]
[Site "Polanica-Zdroj"]
[Date "2019.08.19"]
[Round "3.26"]
[White "Pluta, Natalia"]
[Black "Derylo, Kamil"]
[Result "1-0"]
[ECO "A15"]
[WhiteElo "1808"]
[BlackElo "2030"]
[Annotator "NA"]
[PlyCount "79"]
[EventDate "2019.08.17"]
[EventType "swiss"]
[EventCountry "POL"]
[SourceTitle "playchess.com"]
[Source "ChessBase"]
[SourceQuality "1"]
[TimeControl "40/5400+30:1800+30"]

1. c4 Nf6 2. g3 g6 3. Bg2 Bg7 4. Nc3 O-O 5. d4 d6 6. e3 c6 7. Nge2 Nbd7 8. O-O e5 9. b3 Qe7 10. Ba3 Rd8 11. Qc2 Ne8 12. Rad1 f5 13. e4 exd4 14. Nxd4 fxe4 15. Nxe4 Ndf6 16. Ng5 Ng4 17. Ngf3 Ne5 18. Nh4 Qc7 19. Rfe1 Bf6 20. f4 Bxh4 21. gxh4 Ng4 22. h3 Ngf6 23. f5 Qa5 24. fxg6 Qxa3 25. gxh7+ Kh8 26. Qg6 Bd7 27. Rxe8+ Rxe8 28. Qxf6+ Kxh7 29. Qf7+ Kh8 30. Qxd7 Rg8 31. Qe6 Rg7 32. Qh6+ Rh7 33. Qf6+ Kg8 34. Ne6 Qxa2 35. Rf1 Rd7 36. Qg6+ Kh8 37. Qh6+ Kg8 38. Rf8+ Rxf8 39. Qxf8+ Kh7 40. Be4# 1-0

[Event "55th Rubinstein Memorial-A 2019"]
[Site "Polanica-Zdroj"]
[Date "2019.08.19"]
[Round "3.27"]
[White "Betkowski, Andrzej"]
[Black "Kejna, Piotr"]
[Result "1-0"]
[ECO "A45"]
[WhiteElo "2023"]
[BlackElo "1774"]
[Annotator "NA RC"]
[PlyCount "57"]
[EventDate "2019.08.17"]
[EventType "swiss"]
[EventCountry "POL"]
[SourceTitle "playchess.com"]
[Source "ChessBase"]
[SourceQuality "1"]
[TimeControl "40/5400+30:1800+30"]

1. d4 Nf6 2. Bf4 d6 3. Nc3 g6 4. e4 c6 5. Qd2 Bg7 6. f3 b5 7. Bh6 O-O 8. O-O-O a5 9. h4 a4 10. h5 Qc7 11. hxg6 fxg6 12. Bxg7 Kxg7 13. Qh6+ Kg8 14. e5 dxe5 15. Ne4 exd4 16. Rxd4 Nh5 17. Ng5 e5 18. Rd6 Qg7 19. Qxh7+ Qxh7 20. Nxh7 Kxh7 21. Bd3 Bf5 22. Bxf5 Rxf5 23. g4 Rf7 24. gxh5 gxh5 25. Rxh5+ Kg7 26. Rg5+ Kf8 27. Rd8+ Ke7 28. Rgg8 e4 29. Rge8+ 1-0

[Event "55th Rubinstein Memorial-A 2019"]
[Site "Polanica-Zdroj"]
[Date "2019.08.20"]
[Round "4.1"]
[White "Lewtak, Damian"]
[Black "Warakomski, Tomasz"]
[Result "0-1"]
[ECO "B67"]
[WhiteElo "2354"]
[BlackElo "2497"]
[Annotator "ChessBase"]
[PlyCount "80"]
[EventDate "2019.08.17"]
[EventType "swiss"]
[EventCountry "POL"]
[SourceTitle "playchess.com"]
[Source "ChessBase"]
[SourceQuality "1"]
[TimeControl "40/5400+30:1800+30"]

1. e4 c5 2. Nf3 Nc6 3. d4 cxd4 4. Nxd4 Nf6 5. Nc3 d6 6. Bg5 e6 7. Qd2 a6 8. O-O-O Bd7 9. f4 b5 10. Bxf6 gxf6 11. Kb1 Qb6 12. Nxc6 Bxc6 13. f5 b4 14. Ne2 e5 15. Ng3 Qc5 16. Nh5 Ke7 17. h4 Rg8 18. Bd3 a5 19. Rc1 d5 20. exd5 Bxd5 21. Rhg1 Rg4 22. g3 a4 23. c3 bxc3 24. bxc3 Rb8+ 25. Ka1 a3 26. Rgd1 Rb2 27. Rc2 Bh6 28. Qe1 Rg8 29. Rb1 Bf3 30. Rcxb2 axb2+ 31. Rxb2 Bxh5 32. Rb7+ Kf8 33. Kb2 Bf3 34. Rb8+ Kg7 35. Rxg8+ Kxg8 36. Be4 Qb5+ 37. Kc2 Qa4+ 38. Kd3 Bd1 39. Bd5 Qc2+ 40. Kc4 Qxa2+ {[%emt 0:00:00] Kd4} 0-1

[Event "55th Rubinstein Memorial-A 2019"]
[Site "Polanica-Zdroj"]
[Date "2019.08.20"]
[Round "4.2"]
[White "Kozak, Antoni"]
[Black "Cukrowski, Filip"]
[Result "0-1"]
[ECO "D37"]
[WhiteElo "2354"]
[BlackElo "2424"]
[Annotator "NA"]
[PlyCount "98"]
[EventDate "2019.08.17"]
[EventType "swiss"]
[EventCountry "POL"]
[SourceTitle "playchess.com"]
[Source "ChessBase"]
[SourceQuality "1"]
[TimeControl "40/5400+30:1800+30"]

1. d4 Nf6 2. c4 e6 3. Nf3 d5 4. Nc3 Be7 5. Bf4 O-O 6. a3 a6 7. cxd5 exd5 8. e3 Bf5 9. Ne5 c5 10. g4 cxd4 11. exd4 Be6 12. Bg2 Nc6 13. h3 Nd7 14. Nf3 Nb6 15. O-O Nc4 16. Ra2 b5 17. Nb1 Rc8 18. b3 Nd6 19. Qd3 Ne4 20. Qe3 Qd7 21. Rc1 h5 22. gxh5 Bxh3 23. Bxh3 Qxh3 24. Rac2 Qg4+ 25. Kf1 Qh3+ 26. Ke2 Na5 27. h6 Rxc2+ 28. Rxc2 g5 29. Bc7 Rc8 30. Kd1 g4 31. Bxa5 Rxc2 32. Kxc2 Qxf3 33. Qxf3 gxf3 34. Be1 Kh7 35. Nd2 Nxd2 36. Bxd2 Bh4 37. Be3 f5 38. Kd3 Kg6 39. Kd2 Be7 40. b4 Bh4 41. Ke1 Bd8 42. Kf1 a5 43. Ke1 axb4 44. axb4 Bc7 45. Bg5 Bd6 46. Bd2 f4 47. Bc3 Kxh6 48. Kd2 Kg5 49. Kd3 Kg4 0-1

[Event "55th Rubinstein Memorial-A 2019"]
[Site "Polanica-Zdroj"]
[Date "2019.08.20"]
[Round "4.3"]
[White "Kucza, Karol"]
[Black "Oglaza, Oskar"]
[Result "0-1"]
[ECO "B48"]
[WhiteElo "2296"]
[BlackElo "2367"]
[Annotator "NA"]
[PlyCount "90"]
[EventDate "2019.08.17"]
[EventType "swiss"]
[EventCountry "POL"]
[SourceTitle "playchess.com"]
[Source "ChessBase"]
[SourceQuality "1"]
[TimeControl "40/5400+30:1800+30"]

1. e4 c5 2. Nf3 e6 3. d4 cxd4 4. Nxd4 Nc6 5. Nc3 Qc7 6. Be3 a6 7. Qd2 Nf6 8. O-O-O Be7 9. f4 b5 10. e5 b4 11. exf6 bxc3 12. Qxc3 Bxf6 13. g4 Bb7 14. Rg1 Rc8 15. g5 Bxd4 16. Bxd4 Qxf4+ 17. Be3 Qe5 18. Qxe5 Nxe5 19. Bf4 Ng6 20. Bd6 f5 21. gxf6 gxf6 22. Rd4 Kf7 23. Bg3 Rhd8 24. Rb4 Bd5 25. Bxa6 Ra8 26. Rb6 f5 27. Bd6 f4 28. a4 f3 29. a5 Rxa6 30. Rxa6 Bc4 31. Ra7 f2 32. Bc5 fxg1=Q+ 33. Bxg1 Ne7 34. Bb6 Nc8 35. Bxd8 Nxa7 36. Kd2 d5 37. b3 Ba6 38. Bb6 Nc6 39. c3 e5 40. Ke3 Ke6 41. b4 Bc4 42. Bc5 Kf5 43. Kf3 d4 44. cxd4 exd4 45. Bd6 Ne5+ 0-1

[Event "55th Rubinstein Memorial-A 2019"]
[Site "Polanica-Zdroj"]
[Date "2019.08.20"]
[Round "4.4"]
[White "Grabarczyk, Miroslaw"]
[Black "Mis, Mieszko"]
[Result "1-0"]
[ECO "D41"]
[WhiteElo "2362"]
[BlackElo "2296"]
[Annotator "NA"]
[PlyCount "62"]
[EventDate "2019.08.17"]
[EventType "swiss"]
[EventCountry "POL"]
[SourceTitle "playchess.com"]
[Source "ChessBase"]
[SourceQuality "1"]
[TimeControl "40/5400+30:1800+30"]

1. d4 Nf6 2. c4 e6 3. Nf3 d5 4. Nc3 c5 5. cxd5 Nxd5 6. e4 Nxc3 7. bxc3 cxd4 8. cxd4 Bb4+ 9. Bd2 Bxd2+ 10. Qxd2 O-O 11. Bc4 Nd7 12. O-O b6 13. a4 Bb7 14. Rfe1 Rc8 15. Bd3 a5 16. Bb5 Nf6 17. Qd3 h6 18. Ne5 Qc7 19. f3 Rfd8 20. Qe3 Qc3 21. Qxc3 Rxc3 22. Rec1 Rdc8 23. Rxc3 Rxc3 24. Nc4 Nd7 25. Rb1 Bc8 26. Kf2 Rc2+ 27. Ke3 Nf6 28. Nxb6 Bb7 29. Nc4 Rxg2 30. Nd6 Ba8 31. Rc1 Bb7 1-0

[Event "55th Rubinstein Memorial-A 2019"]
[Site "Polanica-Zdroj"]
[Date "2019.08.20"]
[Round "4.5"]
[White "Shishkin, Vadim"]
[Black "Kaczmarek, Arkadiusz"]
[Result "1/2-1/2"]
[ECO "D12"]
[WhiteElo "2445"]
[BlackElo "1986"]
[Annotator "NA"]
[PlyCount "65"]
[EventDate "2019.08.17"]
[EventType "swiss"]
[EventCountry "POL"]
[SourceTitle "playchess.com"]
[Source "ChessBase"]
[SourceQuality "1"]
[TimeControl "40/5400+30:1800+30"]

1. d4 d5 2. c4 c6 3. Nf3 Nf6 4. e3 Bf5 5. Nc3 e6 6. Nh4 $11 Bg6 7. Be2 Nbd7 8. O-O Ne4 9. g3 Bd6 10. Nxe4 Bxe4 11. f3 Bg6 12. e4 dxe4 13. Nxg6 hxg6 14. fxe4 e5 15. d5 Bc5+ 16. Kg2 Bd4 17. Rb1 Nc5 18. Bf3 a5 19. b3 cxd5 20. cxd5 O-O 21. Bb2 Bxb2 22. Rxb2 Qd6 23. Re1 f5 24. Qe2 Rfe8 25. Rd2 Rad8 26. Rdd1 Re7 27. Qe3 b6 28. Kg1 Nd7 29. Rc1 Nc5 30. Rcd1 Nd7 31. Rc1 Nc5 32. Rcd1 Nd7 33. Rc1 1/2-1/2

[Event "55th Rubinstein Memorial-A 2019"]
[Site "Polanica-Zdroj"]
[Date "2019.08.20"]
[Round "4.6"]
[White "Kosakowski, Jakub"]
[Black "Lukasiewicz, Krzysztof"]
[Result "1-0"]
[ECO "D35"]
[WhiteElo "2401"]
[BlackElo "2185"]
[Annotator "NA"]
[PlyCount "109"]
[EventDate "2019.08.17"]
[EventType "swiss"]
[EventCountry "POL"]
[SourceTitle "playchess.com"]
[Source "ChessBase"]
[SourceQuality "1"]
[TimeControl "40/5400+30:1800+30"]

1. d4 Nf6 2. c4 e6 3. Nc3 d5 4. cxd5 exd5 5. Bg5 c6 6. e3 Be7 7. Bd3 Nbd7 8. Nge2 Nh5 9. Bxe7 Qxe7 10. g4 Nhf6 11. Ng3 Nb6 12. g5 Nfd7 13. h4 g6 14. Qe2 Nf8 15. O-O-O Be6 16. f4 O-O-O 17. f5 Bd7 18. Qf3 h6 19. Qf4 hxg5 20. hxg5 Rxh1 21. Rxh1 Re8 22. e4 Qb4 23. e5 c5 24. e6 fxe6 25. fxg6 e5 26. Qf7 Nxg6 27. Bxg6 cxd4 28. Nxd5 Qc5+ 29. Kb1 Qxd5 30. Qxd5 Nxd5 31. Bxe8 Bxe8 32. Rh6 Nf4 33. Kc2 Bg6+ 34. Kd2 d3 35. Rh8+ Kd7 36. Rf8 Nd5 37. Nf5 e4 38. Ne3 Ne7 39. Rf6 Bh5 40. Nc4 Ng6 41. Ke3 b5 42. Nd2 Ne5 43. Kxe4 Nf7 44. g6 Nd6+ 45. Ke5 Ne8 46. Ra6 Nc7 47. g7 Bf7 48. Rxa7 Kc6 49. b4 Kb6 50. Ra3 Nd5 51. Ra8 Ne3 52. g8=Q Bxg8 53. Rxg8 Nc4+ 54. Nxc4+ bxc4 55. Kd4 1-0

[Event "55th Rubinstein Memorial-A 2019"]
[Site "Polanica-Zdroj"]
[Date "2019.08.20"]
[Round "4.7"]
[White "Marszalek, Maciej"]
[Black "Wysocki, Mateusz"]
[Result "1-0"]
[ECO "E70"]
[WhiteElo "2295"]
[BlackElo "1786"]
[Annotator "NA"]
[PlyCount "97"]
[EventDate "2019.08.17"]
[EventType "swiss"]
[EventCountry "POL"]
[SourceTitle "playchess.com"]
[Source "ChessBase"]
[SourceQuality "1"]
[TimeControl "40/5400+30:1800+30"]

1. d4 Nf6 2. c4 g6 3. Nc3 Bg7 4. e4 d6 5. Bd3 O-O 6. Nge2 e5 7. d5 Nbd7 8. O-O c6 9. h3 a6 10. Bg5 cxd5 11. Nxd5 h6 12. Nxf6+ Nxf6 13. Be3 Be6 14. b3 Rc8 15. Qd2 g5 16. Ng3 Re8 17. Rfd1 Qe7 18. Rac1 Rc6 19. Be2 Rec8 20. a4 Qd7 21. a5 Qe7 22. Rc3 Kh7 23. Rd3 Bf8 24. Qb2 Qc7 25. Bb6 Qe7 26. Rf3 Bg7 27. Qb1 Kg8 28. Nf5 Bxf5 29. Rxf5 Nd7 30. Be3 Nf8 31. h4 f6 32. hxg5 fxg5 33. Bh5 Bf6 34. Rf3 Ne6 35. Bg4 Rf8 36. Bxe6+ Qxe6 37. Rd3 Rcc8 38. Qd1 Be7 39. Rh3 Kg7 40. Qh5 Rcd8 41. Bb6 Rc8 42. Be3 Rcd8 43. Bd2 Qg6 44. Qg4 Rf6 45. Rh5 Qf7 46. Bxg5 hxg5 47. Rdh3 Qe6 48. Rh7+ Kf8 49. Rh8+ 1-0

[Event "55th Rubinstein Memorial-A 2019"]
[Site "Polanica-Zdroj"]
[Date "2019.08.20"]
[Round "4.8"]
[White "Wloch, Mikolaj"]
[Black "Jaroch, Karol"]
[Result "0-1"]
[ECO "B92"]
[WhiteElo "1771"]
[BlackElo "2231"]
[Annotator "NA"]
[PlyCount "108"]
[EventDate "2019.08.17"]
[EventType "swiss"]
[EventCountry "POL"]
[SourceTitle "playchess.com"]
[Source "ChessBase"]
[SourceQuality "1"]
[TimeControl "40/5400+30:1800+30"]

1. e4 c5 2. Nf3 d6 3. d4 cxd4 4. Nxd4 Nf6 5. Nc3 a6 6. Be2 e5 7. Nb3 Be7 8. Be3 O-O 9. O-O Be6 10. h3 Nbd7 11. Qd2 b5 12. f3 Nb6 13. Bg5 b4 14. Bxf6 Bxf6 15. Nd5 Bxd5 16. exd5 a5 17. Qd3 Qc7 18. Kh1 Rfc8 19. Rac1 Bg5 20. Nd2 Na4 21. f4 Bxf4 22. Rxf4 exf4 23. Qf5 Qe7 24. Bb5 Qe3 25. Bxa4 Qxd2 26. Rf1 Rc7 27. Qxf4 Qxf4 28. Rxf4 Rac8 29. Rf2 Re7 30. Kg1 Rc5 31. Rd2 Re1+ 32. Kf2 Rb1 33. Re2 g6 34. Re8+ Kg7 35. Re7 Rxd5 36. Bb3 Rf5+ 37. Ke2 Re5+ 38. Rxe5 dxe5 39. Kd3 Rxb2 40. Kc4 e4 41. Kd4 f5 42. Ke3 Kf6 43. Kd2 Ke5 44. Kc1 e3 45. Bc4 Kd4 46. Be2 Kc3 47. g4 Rxc2+ 48. Kd1 Rxa2 49. Bb5 b3 50. gxf5 Rd2+ 51. Ke1 b2 52. Bd3 Kxd3 53. f6 a4 54. f7 b1=R# 0-1

[Event "55th Rubinstein Memorial-A 2019"]
[Site "Polanica-Zdroj"]
[Date "2019.08.20"]
[Round "4.9"]
[White "Goluch, Piotr"]
[Black "Galuszka, Kamil"]
[Result "1-0"]
[ECO "A57"]
[WhiteElo "2418"]
[BlackElo "2058"]
[Annotator "NA"]
[PlyCount "45"]
[EventDate "2019.08.17"]
[EventType "swiss"]
[EventCountry "POL"]
[SourceTitle "playchess.com"]
[Source "ChessBase"]
[SourceQuality "1"]
[TimeControl "40/5400+30:1800+30"]

1. d4 Nf6 2. c4 c5 3. d5 b5 4. f3 e6 5. e4 bxc4 6. Nc3 Bb7 7. Bg5 d6 8. dxe6 fxe6 9. e5 h6 10. Bh4 g5 11. Qc2 Kf7 12. Bg3 Nh5 13. exd6 Nxg3 14. hxg3 Qxd6 15. Bxc4 Nc6 16. Nge2 Nd4 17. Nxd4 cxd4 18. O-O-O Bg7 19. Rhe1 Rhe8 20. Nb5 Qb6 21. Nc7 Re7 22. Nxe6 Ree8 23. Nc7+ 1-0

[Event "55th Rubinstein Memorial-A 2019"]
[Site "Polanica-Zdroj"]
[Date "2019.08.20"]
[Round "4.10"]
[White "Czarniecka, Aleksandra"]
[Black "Mikhaletz, Lubomir"]
[Result "0-1"]
[ECO "B00"]
[WhiteElo "2042"]
[BlackElo "2412"]
[Annotator "NA"]
[PlyCount "100"]
[EventDate "2019.08.17"]
[EventType "swiss"]
[EventCountry "POL"]
[SourceTitle "playchess.com"]
[Source "ChessBase"]
[SourceQuality "1"]
[TimeControl "40/5400+30:1800+30"]

1. e4 Nc6 2. Nf3 Nf6 3. Nc3 d5 4. e5 Ne4 5. d4 Bg4 6. Be2 Bxf3 7. Bxf3 Nxc3 8. bxc3 e6 9. O-O Be7 10. Be2 a6 11. f4 g6 12. a4 h5 13. a5 Kf8 14. Be3 Kg7 15. c4 dxc4 16. Bxc4 Nb4 17. Bb3 c5 18. dxc5 Qc7 19. Qd4 Nc6 20. Qc3 Rhd8 21. Bc4 Rac8 22. Rfb1 Rd7 23. Be2 Nd8 24. Rd1 Rxd1+ 25. Rxd1 Nc6 26. Ra1 Bd8 27. Bd2 Be7 28. Be3 Rd8 29. Bf3 Nd4 30. Bxd4 Rxd4 31. g3 Bxc5 32. Kg2 b5 33. axb6 Qxb6 34. Rd1 Rxd1 35. Bxd1 a5 36. Qb3 Qa7 37. c4 Qd7 38. Qf3 a4 39. Qe2 a3 40. Bb3 Qd4 41. Ba2 Qg1+ 42. Kf3 Qh1+ 43. Qg2 Qa1 44. Qe2 Bd4 45. Qc2 Qf1+ 46. Ke4 Bc5 47. Qd2 h4 48. gxh4 Qh3 49. Qe2 Qf5+ 50. Kf3 Qh5+ 0-1

[Event "55th Rubinstein Memorial-A 2019"]
[Site "Polanica-Zdroj"]
[Date "2019.08.20"]
[Round "4.11"]
[White "Majek, Kacper"]
[Black "Psyk, Radoslaw"]
[Result "0-1"]
[ECO "D70"]
[WhiteElo "1984"]
[BlackElo "2326"]
[Annotator "NA"]
[PlyCount "58"]
[EventDate "2019.08.17"]
[EventType "swiss"]
[EventCountry "POL"]
[SourceTitle "playchess.com"]
[Source "ChessBase"]
[SourceQuality "1"]
[TimeControl "40/5400+30:1800+30"]

1. d4 Nf6 2. c4 g6 3. Nf3 Bg7 4. g3 O-O 5. Bg2 c6 6. O-O d5 7. b3 a5 8. Nc3 Ne4 9. Bb2 Nxc3 10. Bxc3 a4 11. c5 Nd7 12. b4 b6 13. cxb6 Nxb6 14. Ne5 Ba6 15. Rc1 Qd6 16. Bd2 Nc4 17. Bf4 Nxe5 18. dxe5 Qxb4 19. Rxc6 e6 20. Qc2 Rac8 21. Bf3 Rxc6 22. Qxc6 Bc4 23. Be3 Bxa2 24. Rc1 Bc4 25. Bc5 Qb2 26. Rf1 a3 27. Bxf8 Bxf8 28. Bg4 a2 29. Qa8 Qa3 0-1

[Event "55th Rubinstein Memorial-A 2019"]
[Site "Polanica-Zdroj"]
[Date "2019.08.20"]
[Round "4.12"]
[White "Kopica, Paulina"]
[Black "Siekanski, Janusz"]
[Result "1/2-1/2"]
[ECO "B40"]
[WhiteElo "1932"]
[BlackElo "2263"]
[Annotator "NA"]
[PlyCount "160"]
[EventDate "2019.08.17"]
[EventType "swiss"]
[EventCountry "POL"]
[SourceTitle "playchess.com"]
[Source "ChessBase"]
[SourceQuality "1"]
[TimeControl "40/5400+30:1800+30"]

1. e4 c5 2. Nf3 e6 3. d4 cxd4 4. Nxd4 Nf6 5. Bd3 Nc6 6. Nxc6 bxc6 7. O-O d5 8. Nd2 Be7 9. b3 O-O 10. Bb2 a5 11. Qe2 a4 12. Rad1 axb3 13. axb3 Ra2 14. Be5 Nd7 15. Bg3 Nc5 16. Rfe1 Nxd3 17. Qxd3 Ba6 18. c4 Bb4 19. exd5 exd5 20. Bf4 Qf6 21. Qb1 Rb2 22. Qc1 Bxd2 23. Rxd2 Rxb3 24. Be5 Qg6 25. cxd5 cxd5 26. Qc2 Qxc2 27. Rxc2 Re8 28. f3 d4 29. Bg3 Rxe1+ 30. Bxe1 h5 31. Ra2 Bb7 32. Kf2 h4 33. h3 f6 34. Ke2 g5 35. Bf2 d3+ 36. Kd2 Kf7 37. Bd4 f5 38. Ra5 Kg6 39. Bc3 g4 40. hxg4 fxg4 41. fxg4 Bxg2 42. Rh5 h3 43. Kxd3 Ra3 44. Kd2 Ra2+ 45. Ke3 Ra3 46. Kd2 Ra4 47. Rh8 Ra2+ 48. Ke3 Ra3 49. Kd2 Kg5 50. Be5 Kxg4 51. Bc7 Be4 52. Rg8+ Kf5 53. Rf8+ Kg5 54. Rh8 Ra7 55. Re8 Bh7 56. Be5 Kg4 57. Ke3 Rb7 58. Bd6 Rd7 59. Bb8 Rb7 60. Bd6 Rb3+ 61. Kf2 Rb2+ 62. Ke3 Rb3+ 63. Kf2 Rb7 64. Ke3 Rf7 65. Bb8 Rf3+ 66. Ke2 Rf7 67. Ke3 Kh5 68. Bd6 Kg6 69. Rb8 Rd7 70. Bf4 Kf5 71. Rh8 Kg4 72. Bb8 Re7+ 73. Kf2 Rf7+ 74. Ke3 Kg5 75. Bd6 Kg6 76. Rb8 Rd7 77. Bf4 Ra7 78. Kf3 Ra2 79. Rb6+ Kf7 80. Kg4 Rg2+ 1/2-1/2

[Event "55th Rubinstein Memorial-A 2019"]
[Site "Polanica-Zdroj"]
[Date "2019.08.20"]
[Round "4.13"]
[White "Lapaj, Mateusz"]
[Black "Betkowski, Andrzej"]
[Result "1-0"]
[ECO "C16"]
[WhiteElo "2233"]
[BlackElo "2023"]
[Annotator "NA"]
[PlyCount "143"]
[EventDate "2019.08.17"]
[EventType "swiss"]
[EventCountry "POL"]
[SourceTitle "playchess.com"]
[Source "ChessBase"]
[SourceQuality "1"]
[TimeControl "40/5400+30:1800+30"]

1. e4 e6 2. d4 d5 3. Nc3 Bb4 4. e5 Ne7 5. Bd2 b6 6. Qg4 Nf5 7. Bd3 h5 8. Qf4 g5 9. Qxg5 Qxg5 10. Bxg5 Nxd4 11. O-O-O Be7 12. h4 c5 13. Nb5 Nxb5 14. Bxb5+ Bd7 15. Be2 Bc6 16. f4 Nd7 17. Bf3 Rc8 18. Ne2 d4 19. Bxc6 Rxc6 20. c3 dxc3 21. Nxc3 f6 22. exf6 Nxf6 23. Rhe1 Kf7 24. Re5 Rd6 25. Rde1 Ng4 26. R5e2 a6 27. Ne4 Rc6 28. Bxe7 Kxe7 29. Ng5 Rh6 30. f5 e5 31. Nf3 Rhd6 32. Nxe5 Nxe5 33. Rxe5+ Kf6 34. Kc2 b5 35. g3 c4 36. Re8 Rd3 37. Rh8 Kxf5 38. Rxh5+ Kg4 39. Rg5+ Kh3 40. h5 Rf6 41. Re2 Rxg3 42. Rxg3+ Kxg3 43. Kc3 Kf3 44. Rd2 Rh6 45. Rd5 Ke4 46. Rg5 Rh8 47. a4 bxa4 48. Rc5 Rh6 49. Rxc4+ Ke3 50. Rxa4 Rxh5 51. Rxa6 Rc5+ 52. Kb4 Rc8 53. Kb5 Kd4 54. b4 Kd5 55. Rb6 Ra8 56. Rh6 Rb8+ 57. Ka5 Kc4 58. Rc6+ Kd5 59. b5 Ra8+ 60. Kb6 Ra3 61. Rc1 Rg3 62. Ka6 Ra3+ 63. Kb7 Kd6 64. b6 Kd7 65. Rd1+ Ke7 66. Kc7 Rc3+ 67. Kb8 Ra3 68. b7 Ra2 69. Rd4 Ra1 70. Kc7 Rc1+ 71. Kb6 Rb1+ 72. Kc6 1-0